AoeStats
← izflores77yes

Golden Pit

507912549Analyzed
1v1 RM · 13d ago on Sep 20, 2026· 26m 51s· 2 players
Game mode
Random Map
Map size
Tiny (2 player)
Population
200
Speed
Normal
Resources
Standard
Victory
Conquest
Starting age
Dark Age
Ending age
Imperial Age
RankedLock teamsTeams togetherTeam positionsShared explorationLock speedFull tech treeHidden civsTurbo modeCheats
Victory
Defeat
🇩🇪 Franks · Germany
649
+14
🇺🇸 Jurchens · United States
612
-30
izflores77yes
1:25 Loom
11:25 Feudal Age
12:45 Wheelbarrow
12:38 Horse Collar
14:09 Man-at-Arms
14:55 Arson
15:15 Man-at-Arms
22:25 Bloodlines
24:43 Double-Bit Axe
ACE SAFT
4:09 Loom
10:44 Feudal Age
11:22 Double-Bit Axe
19:00 Padded Archer Armor
18:51 Fletching
24:47 Castle Age
23:06 Stone Mining
23:07 Gold Mining
23:27 Scale Barding Armor
25:06 Crossbowman
25:08 Pikeman
25:49 Squires
26:53 Bow Saw
Connection lost

Rejoining the realm…

Still unreachable

The connection could not be restored.

Session expired

The server has moved on; the page needs a fresh start.